 Dungeon Crawl Stone Soup version 0.22.1-1-ga44c0e5 (webtiles) character file.

135 RedG the Shooter (level 5, -1/36 HPs)
             Began as a Halfling Hunter on Oct 1, 2018.
             Slain by Grinder (7 damage)
             ... on level 3 of the Dungeon.
             The game lasted 00:36:59 (1284 turns).

RedG the Shooter (Halfling Hunter)                  Turns: 1284, Time: 00:37:00

Health: -1/36      AC:  3    Str: 13    XL:     5   Next: 41%
Magic:  5/5        EV: 15    Int: 10    God:
Gold:   129        SH:  0    Dex: 18    Spells: 4/4 levels left

rFire    . . .     SeeInvis .   b - +0 short sword
rCold    . . .     Gourm    .   (shield restricted)
rNeg     . . .     Faith    .   c - +0 leather armour
rPois    .         Spirit   .   (no helmet)
rElec    .         Reflect  .   (no cloak)
rCorr    .         Harm     .   (no gloves)
MR       .....                  (no boots)
Stlth    ++........             (no amulet)
HPRegen  0.12/turn              n - +3 ring of dexterity
MPRegen  0.09/turn              (no ring)

@: berserk cooldown, slowed, very slow
A: small, mutation resistance 1
a: no special abilities


You were on level 3 of the Dungeon.
You were not hungry.

You visited 1 branch of the dungeon, and saw 3 of its levels.

You collected 129 gold pieces.

Inventory:

Hand Weapons
 a - a +1 shortbow
 b - a +0 short sword (weapon)
 h - a +0 hunting sling
 j - a +0 short sword
 k - a +0 mace
 s - a +0 dagger
 u - a +0 falchion
 w - a +0 trident
 x - a +0 dagger
Missiles
 d - 75 arrows
 e - 71 stones (quivered)
 t - 6 bolts
 v - 2 tomahawks
Armour
 c - a +0 leather armour (worn)
 i - a +0 ring mail
 l - a +0 leather armour
 m - a +0 ring mail
 o - a +0 robe
 p - a +0 ring mail
Jewellery
 n - a +3 ring of dexterity (left hand)
Scrolls
 q - a scroll of teleportation
 r - a scroll of remove curse
Comestibles
 f - 2 rations
 g - 12 chunks of flesh


   Skills:
 + Level 2.9 Fighting
 + Level 6.1 Bows
 + Level 0.6 Armour
 + Level 2.2 Dodging
 + Level 1.4 Stealth


You had 4 spell levels left.
You didn't know any spells.
Your spell library was empty.

Dungeon Overview and Level Annotations

Branches:
Dungeon (3/15)

Altars:
Elyvilon
Qazlal
Uskayaw
Xom
Zin

Annotations:
D:3 Grinder


Innate Abilities, Weirdness & Mutations

You are small and have problems with some larger weapons.
You are somewhat resistant to further mutation.


Message History

You are exhausted.
You feel yourself slow down.
Grinder blinks!
You hit Grinder.
Grinder is lightly wounded.
Grinder hits you. Grinder completely misses you.
You hit Grinder.
Grinder is lightly wounded.
Grinder misses you.
You barely miss Grinder.
Grinder is lightly wounded.
Grinder closely misses you. Grinder hits you.
You writhe in agony.
You hit Grinder but do no damage.
Grinder is lightly wounded.
Grinder hits you!
You writhe in agony.
Grinder gestures at you. Pain shoots through your body!
* * * LOW HITPOINT WARNING * * *
Grinder hits you!
You die...

###########
#.5........
#@#########
#.##
#.#.#########
##.###.........
#.# ##.######
#####..###.†#
........#.#.#
#.......##.#
#.......##.####


You could see Grinder.

Vanquished Creatures
  2 orc wizards (D:3)
  2 adders
  An ooze (D:1)
  A dart slug (D:1)
  A leopard gecko (D:1)
  3 orcs (D:3)
  7 bats
  3 giant cockroaches
  3 goblins
  9 hobgoblins
  5 kobolds
  2 quokkas
  4 frilled lizards
  4 rats
47 creatures vanquished.

Notes
Turn   | Place    | Note
-------+----------+-------------------------------------------
     0 | D:1      | RedG the Halfling Hunter began the quest for the Orb.
     0 | D:1      | Reached XP level 1. HP: 14/14 MP: 1/1
    96 | D:1      | Reached XP level 2. HP: 19/19 MP: 2/2
   155 | D:1      | Reached skill level 5 in Bows
   234 | D:1      | Reached XP level 3. HP: 24/24 MP: 3/3
   690 | D:2      | Reached XP level 4. HP: 28/29 MP: 4/4
   787 | D:2      | Found a hide-covered altar of Uskayaw.
   787 | D:2      | Found a white marble altar of Elyvilon.
   787 | D:2      | Found a shimmering altar of Xom.
   789 | D:2      | Found a stormy altar of Qazlal.
   802 | D:2      | Found a glowing silver altar of Zin.
  1114 | D:3      | Reached skill level 6 in Bows
  1114 | D:3      | Reached XP level 5. HP: 20/36 MP: 5/5
  1274 | D:3      | Noticed Grinder
  1284 | D:3      | Slain by Grinder

Skill      XL: |  1  2  3  4 |
---------------+-------------+-----
Bows           | 5 6 |  6.1
Fighting       | 2 |  2.9
Armour         | |  0.6
Dodging        | |  2.2
Stealth        | |  1.4

Action                   |  1- 3 |  4- 6 || total
-------------------------+-------+-------++-------
Melee: Short sword       |     2 |     5 ||     7
 Fire: Shortbow          |    71 |    50 ||   121
  Use: Scroll            |     5 |     1 ||     6
       Potion            |     1 |     2 ||     3
  Eat: Chunk             |       |     1 ||     1
Armor: Leather armour    |     2 |     1 ||     3
Dodge: Dodged            |    15 |     8 ||    23
